Description

Test

VOD

https://youtu.be/zxNfVJMZjYk

Replay - Dark v INnoVation: Game 5 - 돌개바람 - 래더 (공허의 유산)

Build Order

Get SALT Encoding   

  12  0:00  SCV  
  13  0:12  SCV  
  14  0:16  Supply Depot  
  14  0:24  SCV  
  15  0:38  SCV  
  16  0:50  SCV  
  17  0:58  Command Center  
  17  1:02  SCV  
  18  1:11  Barracks  
  18  1:14  SCV  
  19  1:20  Refinery  
  19  1:26  SCV  
  19  1:28  Refinery  
  20  1:39  SCV  
  21  1:51  SCV  
  22  1:58  Marine  
  23  2:03  Orbital Command  
  23  2:10  Orbital Command  
  23  2:13  Factory  
  23  2:17  Barracks Reactor  
  25  2:40  Factory  
  27  2:57  Supply Depot  
  28  3:01  Hellion x2  
  28  3:04  Barracks Reactor  
  35  3:14  Supply Depot  
  35  3:23  Hellion x2  
  41  3:31  Supply Depot  
  43  3:43  Cyclone x2  
  43  3:45  Hellion x2  
  54  3:53  Supply Depot  
  55  4:06  Cyclone x2  
  61  4:15  Hellion  
  61  4:16  Hellion  
  65  4:19  Armory  
  69  4:37  Hellion x2  
  79  4:58  Cyclone  
  84  5:00  Cyclone  
  93  5:22  Command Center  
  85  5:33  Cyclone x2  
  89  5:41  Refinery  
  89  5:42  Refinery  
  86  6:14  Factory  
Spawning Tool Build Advisor. Get it on Overwolf

Go to:

Details

  • Created by: Kitten
  • Published on: Jan 10, 2017
  • Modified on: Jan 10, 2017
  • Patch: 3.8.0
Show
View Real Time Build Order
Export as new Build Order

Comments (1)

On Jan. 13, 2017, 5:43 a.m., Sesimbra  said:

Dam like this Build! But game 5 is CC first :/ Need the normal one with Salt pls!

Create an account to comment!